 Dungeon Crawl Stone Soup version 0.31-a0-1589-g8f5e8aebd6 (webtiles) character file.

Game seed: 1466218375737554193

3613 BigPumpCobain the Grappler (level 9, -1/85 (88) HPs)
             Began as a Troll Shapeshifter on Jan 6, 2024.
             Was a Follower of the Shining One.
             Slain by a wight
             ... wielding a +2 dagger of speed
              (4 damage)
             ... on level 7 of the Dungeon.
             The game lasted 00:10:26 (5048 turns).

BigPumpCobain the Grappler (Troll Shapeshifter)     Turns: 5048, Time: 00:10:27

HP:   -1/85 (88)    AC:  6    Str: 28    XL:     9   Next: 86%
MP:   5/8           EV: 10    Int:  6    God:    the Shining One [*.....]
Gold: 413           SH:  6    Dex: 15    Spells: 8/8 levels left

rFire   . .          .
                       - Unarmed
rCold   . . .        (no shield)
rNeg    . . .        o - +2 animal skin
rPois   .            (helmet currently unavailable)
rElec   .            (cloak currently unavailable)
rCorr   .            (gloves unavailable)
SInv    .            (boots unavailable)
Will    .....        (no amulet)
Stlth   +            g - +6 ring of dexterity
HPRegen 1.14/turn    (no ring)
MPRegen 0.11/turn

%: no passive effects
@: divinely shielded, beast-form, mesmerised, glowing, lightly drained
A: beast (slay +4), large, unfitting armour, claws 3, regeneration 1, shaggy fur
1, tough skin 1
a: Begin Untransformation, Renounce Religion, Divine Shield


You were on level 7 of the Dungeon.
You worshipped the Shining One.
The Shining One was aware of your devotion.
You were a hulking beast.
You visited 2 branches of the dungeon, and saw 8 of its levels.
You also visited: Sewer.

You collected 413 gold pieces.

Inventory:

Hand Weapons
 k - the +6 spear of Tuth {flame, Str+5 Int-3 Dex+5}
   (You found it on level 2 of the Dungeon)

   Str+5:     It affects your strength (+5).
   Int-3:     It affects your intelligence (-3).
   Dex+5:     It affects your dexterity (+5).
 s - a +0 whip of electrocution
Armour
 o - a +2 animal skin (worn)
Jewellery
 g - a +6 ring of dexterity (left claw)
 C - the amulet of Kamyrch {Faith rElec rN+ Str+6}
   (You found it on level 6 of the Dungeon)

   [amulet of faith]

   Faith:     It allows you to gain divine favour quickly.
   Str+6:     It affects your strength (+6).
   rElec:     It insulates you from electricity.
   rN+:       It protects you from negative energy.
 D - the amulet "Ronoaduf" {Spirit Fly rN+ Str-2 Int+3}
   (You found it on level 6 of the Dungeon)

   [amulet of guardian spirit]

   Spirit:    It causes incoming damage to be divided between your reserves of
   health and magic.
   Str-2:     It affects your strength (-2).
   Int+3:     It affects your intelligence (+3).
   rN+:       It protects you from negative energy.
   Fly:       It grants you flight.
Talismans
 c - a beast talisman
 d - a flux talisman
Wands
 q - a wand of acid (7)
 t - a wand of flame (1)
 y - a wand of digging (3)
 B - a wand of charming (7)
Scrolls
 b - a scroll of vulnerability
 f - 4 scrolls of blinking
 h - a scroll of poison
 i - 3 scrolls of immolation
 m - 3 scrolls of teleportation
 u - 2 scrolls of enchant weapon
 v - a scroll of summoning
Potions
 a - a potion of magic {unknown}
 e - 2 potions of heal wounds {unknown}
 j - 2 potions of berserk rage {unknown}
 l - 2 potions of degeneration {unknown}
 n - 2 potions of haste {unknown}
 r - 2 potions of curing {unknown}
 x - a potion of attraction {unknown}
 z - a potion of enlightenment {unknown}
 A - a potion of brilliance {unknown}


   Skills:
 + Level 5.2 Fighting
 + Level 2.9 Dodging
 * Level 9.2 Unarmed Combat
 * Level 8.7 Shapeshifting


You had 8 spell levels left.
You didn't know any spells.
Your spell library contained the following spells:

 Spells                   Type           Power      Damage    Failure   Level
 Freeze                   Ice            0%         1d3       45%         1
 Magic Dart               Conj           0%         1d3       45%         1
 Blink                    Tloc           0%         N/A       58%         2
 Call Imp                 Summ           0%         N/A       58%         2
 Searing Ray              Conj           0%         2d4       58%         2
 Frozen Ramparts          Ice            0%         1d1       83%         3
 Hailstorm                Conj/Ice       0%         3d5       83%         3
 Fulminant Prism          Conj/Alch      0%         3d5       99%         4
 Manifold Assault         Tloc           0%         N/A       99%         4
 Vhi's Electric Charge    Tloc/Air       0%         N/A       99%         4
 Arcjolt                  Conj/Air       0%         1d10      100%        5
 Dispersal                Tloc           0%         N/A       100%        6
 Disjunction              Tloc           0%         N/A       100%        8
 Maxwell's Capacitive Co  Air            0%         ∞         100%        8


Dungeon Overview and Level Annotations

Branches:
Dungeon (7/15)             Temple (1/1) D:5           Sewer (visited)

Altars:
Ashenzari
Cheibriados
Dithmenos
Elyvilon
Fedhas
Gozag
Hepliaklqana
Kikubaaqudgha
Makhleb
Nemelex Xobeh
Okawaru
Qazlal
Ru
Sif Muna
Trog
Uskayaw
Vehumet
Wu Jian
Xom
Yredelemnul
Zin
The Shining One

Shops:
D:2 =   D:7 (

Annotations:
D:7 Maggie


Innate Abilities, Weirdness & Mutations

You are a hulking beast.
Your limbs bulge with bestial killing power. (Slay +4)
You are too large for most types of armour.
You have claws for hands.
Your natural rate of healing is unusually fast.
You are covered in fur. (AC +1)
You have tough skin. (AC +1)


Message History

The orc priest hits you with a +0 hand axe.
* * * LOW HITPOINT WARNING * * *
The wight misses you. The wight barely misses you.
The wight hits you with a +2 dagger of speed!
* * * LOW HITPOINT WARNING * * *
You feel drained.
* * * LOW HITPOINT WARNING * * *
You mangle the wight!!
You destroy the wight!
The Shining One accepts your kill. The wight closely misses you.
Maggie says, "Fear not.
I will immortalise you in the tale of my first kill."
Maggie hits you from afar with a +2 heavy glaive!!
The Shining One protects you from harm! The orc priest barely misses you.
The wight hits you with a +0 hand axe!
* * * LOW HITPOINT WARNING * * *
You barely miss the orc priest.
The orc priest is almost dead.
You block the wight's attack.
The orc priest hits you but does no damage.
The wight closely misses you.
A wight comes into view. It is wielding a +4 battleaxe.
The wight hits you with a +2 dagger of speed.
* * * LOW HITPOINT WARNING * * *
You feel drained.
You mangle the orc priest!!
You kill the orc priest!
The Shining One accepts your kill.
Maggie gestures wildly while chanting.
Maggie attempts to bespell you!
You are mesmerised by Maggie!
The wight hits you with a +2 dagger of speed.
* * * LOW HITPOINT WARNING * * *
You mangle the wight!!
You destroy the wight!
The Shining One accepts your kill. The wight closely misses you.
Maggie completely misses you.
You barely miss the wight.
The wight hits you with a +2 dagger of speed.
You die...

#### ##### # ####...
#...# #
.......#####...#########
........................
z.....###.....#########
#.z.###.....#########
######z).........#..<..#
......)h.........#.....#
......))..###....#.....#
.......@..###....#.....#
.z......!.##......#)))#.
#..#z.....##......##.##.
#....#...###......##.##.
.....#...# #......##....
....#...#####.####)....
.................


You could see Maggie (mesmerising) and 4 wights.

Vanquished Creatures
  Pikel (D:7)
  A water moccasin (D:6)
  Duvessa (D:4)
  An orc warrior (D:7)
  2 ice beasts
  An ogre (D:5)
  3 black bears
  A centaur (D:6)
  2 phantoms (D:5)
  5 kobold brigands (Sewer)
  2 bullfrogs
  5 necrophages (D:4)
  A scorpion (D:5)
  Dowan (D:4)
  5 wights (D:7)
  3 bombardier beetles
  2 bullfrog zombies (D:4)
  4 hounds
  4 orc priests
  2 sleepcaps
  Terence (D:3)
  A human zombie (D:4)
  Ijyb (D:3)
  An orc wizard (D:6)
  2 hound zombies (D:4)
  Robin (D:2)
  3 gnolls (D:5)
  9 adders
  A river rat (Sewer)
  2 shadow imps
  A white imp (D:6)
  2 ufetubi (D:5)
  An adder zombie (D:4)
  An adder skeleton (D:4)
  2 dart slugs
  3 ribbon worms
  22 orcs
  14 endoplasms
  4 giant cockroaches
  17 goblins
  9 hobgoblins
  12 jackals
  13 quokkas
  14 ball pythons
  7 bats
  2 frilled lizards
  9 kobolds
  12 rats
214 creatures vanquished.

Notes
Turn   | Place    | Note
-------+----------+-------------------------------------------
     0 | D:1      | BigPumpCobain the Troll Shapeshifter began the quest for
                  | the Orb.
     0 | D:1      | Reached XP level 1. HP: 18/18 MP: 0/0
   128 | D:1      | Reached XP level 2. HP: 26/26 MP: 1/1
   211 | D:1      | Reached skill level 4 in Unarmed Combat
   349 | D:1      | Reached XP level 3. HP: 32/32 MP: 2/2
   567 | D:2      | Reached skill level 5 in Unarmed Combat
   567 | D:2      | Reached XP level 4. HP: 22/40 MP: 3/3
   680 | D:2      | Identified the +6 spear of Tuth {flame, Str+5 Int-3 Dex+5}
   712 | D:2      | Noticed Robin
   732 | D:2      | Killed Robin
   882 | D:2      | Found a faded altar of an unknown god.
  1012 | D:2      | Found Hatad's Jewellery Shop.
  1036 | D:2      | Reached XP level 5. HP: 46/46 MP: 4/4
  1340 | D:3      | Noticed Terence
  1345 | D:3      | Killed Terence
  1346 | D:3      | Reached skill level 6 in Unarmed Combat
  1436 | D:3      | Found a glowing drain.
  1448 | Sewer    | Entered a sewer
  1541 | Sewer    | Reached skill level 7 in Unarmed Combat
  1541 | Sewer    | Reached XP level 6. HP: 53/54 MP: 5/5
  1895 | Sewer    | Reached skill level 1 in Fighting
  1895 | Sewer    | Reached skill level 8 in Unarmed Combat
  1895 | Sewer    | Reached XP level 7. HP: 60/62 MP: 6/6
  2065 | D:3      | Noticed Ijyb
  2072 | D:3      | Killed Ijyb
  2836 | D:4      | Reached skill level 5 in Shapeshifting
  2844 | D:4      | Reached XP level 8. HP: 71/74 MP: 7/7
  2855 | D:4      | Found an ancient bone altar of Kikubaaqudgha.
  2962 | D:4      | Noticed Duvessa
  2968 | D:4      | Noticed Dowan
  2973 | D:4      | Killed Duvessa
  2976 | D:4      | Killed Dowan
  3262 | D:4      | Found a glowing silver altar of Zin.
  3262 | D:4      | Noticed an angel
  3294 | D:5      | Entered Level 5 of the Dungeon
  3549 | D:5      | Reached XP level 9. HP: 85/85 MP: 8/8
  3558 | D:5      | Found a staircase to the Ecumenical Temple.
  3578 | Temple   | Entered the Ecumenical Temple
  3613 | Temple   | Became a worshipper of the Shining One
  3887 | D:5      | Found a hazy altar of Hepliaklqana.
  4325 | D:6      | Found a radiant altar of Vehumet.
  4708 | D:6      | Identified the amulet of Kamyrch {Faith rElec rN+ Str+6}
  4722 | D:6      | Identified the amulet "Ronoaduf" {Spirit Fly rN+ Str-2
                  | Int+3}
  4838 | D:7      | Noticed Pikel
  4843 | D:7      | Killed Pikel
  4844 | D:7      | Reached skill level 5 in Fighting
  4941 | D:7      | Noticed a +0 quick blade
  4943 | D:7      | Found Evvia's Weapon Emporium.
  4945 | D:7      | Noticed a +0 triple sword
  4977 | D:7      | Reached * piety under the Shining One
  4984 | D:7      | Reached skill level 9 in Unarmed Combat
  5033 | D:7      | Noticed Maggie
  5044 | D:7      | The Shining One protects you from harm!
  5045 | D:7      | HP: 3/84 [wight/+2 dagger of speed (5)]
  5046 | D:7      | HP: 1/83 [wight/+2 dagger of speed (3)]
  5048 | D:7      | Slain by a wight

Illustrated notes

Levels and vault maps discovered:
D:1:      dpeg_arrival_three_bigger_balls, layout_rooms
D:2:      layout_basic, serial_shops, nicolae_shop_advertising_works
          [nicolae_subvault_shop_adworks], nicolae_ecumenical_oubliette,
          uniq_robin
D:3:      layout_loops_cross, portal_sewer_entry_f, uniq_ijyb, uniq_terence
D:4:      layout_rooms, lemuel_mausoleum_altar_kikubaaqudgha, zin_angel,
          uniq_duvessa
D:5:      layout_loops_ring, marbit_many_paths, minmay_temple_entry_offerings,
          chequers_jeans
D:6:      layout_basic, mainiacjoe_overflow_surrounded_room
D:7:      layout_basic, serial_shops, nicolae_shop_mannequins, uniq_pikel,
          uniq_maggie
Temple:   dpeg_five_rooms_temple

Skill      XL: |  1  2  3  4  5  6  7  8  9 |
---------------+----------------------------+-----
Unarmed Combat | 4 5 7 8 9 |  9.2
Fighting       | 1 2 4 5 |  5.2
Shapeshifting  | 5 7 8 |  8.7
Dodging        | 2 |  2.9

Action                     |  1- 3 |  4- 6 |  7- 9 || total
---------------------------+-------+-------+-------++-------
  Melee: Unarmed           |    79 |   123 |   285 ||   487
         Punch             |     2 |     2 |    15 ||    19
 Invoke: Divine Shield     |       |       |     1 ||     1
    Use: Scroll            |       |       |    10 ||    10
         Potion            |       |       |     1 ||     1
   Stab: Sleeping          |     2 |     1 |     1 ||     4
 Armour: Animal skin       |    52 |    79 |   200 ||   331
         Skin              |       |       |     5 ||     5
  Dodge: Dodged            |    45 |    47 |   140 ||   232
  Block: Other             |       |       |     1 ||     1

Table legend: (Time is in decaauts)
 A = Elapsed time spent in this place.
 B = Non-inter-level travel time spent in this place.
 C = Inter-level travel time spent in this place.
 D = Time resting spent in this place.
 E = Time spent auto-exploring this place.
 F = Levels seen in this place.
 G = Mean time per level.
                   A        B        C        D        E       F      G
               +--------+--------+--------+--------+--------+-----+--------+
         Total |   4981 |   4761 |    220 |     75 |   3647 |   9 |  553.4 |
       Dungeon |   4352 |   4199 |    153 |     75 |   3266 |   7 |  621.7 |
        Temple |     68 |      1 |     67 |      0 |      0 |   1 |   68.0 |
         Sewer |    560 |    560 |      0 |      0 |    381 |   1 |  560.0 |
               +--------+--------+--------+--------+--------+-----+--------+

Top non-repeatable levels by time:
     D:2: 822 daAuts
     D:5: 817 daAuts
     D:3: 766 daAuts
     D:4: 638 daAuts
     D:6: 628 daAuts
   Sewer: 560 daAuts
     D:1: 460 daAuts
     D:7: 217 daAuts
  Temple: 68 daAuts
